 Dungeon Crawl Stone Soup version 0.27.1-34-g3ba077fa99 (webtiles) character file.

Game seed: 18095857682603146137

1 comborobin the Sneak (level 1, -1/17 HPs)
             Began as a Vampire Delver on Jan 8, 2022.
             Slain by an iguana (13 damage)
             ... on level 4 of the Dungeon.
             The game lasted 00:01:17 (161 turns).

comborobin the Sneak (Vampire Delver)                Turns: 161, Time: 00:01:18

Health: -1/17      AC:  3    Str: 11    XL:     1   Next: 16%
Magic:  1/1        EV: 12    Int: 12    God:
Gold:   0          SH:  0    Dex: 15    Spells: 0/0 levels left

rFire    . . .     SeeInvis +     - Unarmed
rCold    . . .     Faith    .   (no shield)
rNeg     . . .     Spirit   .   a - +0 leather armour
rPois    .         Reflect  .   (no helmet)
rElec    .         Harm     .   (no cloak)
rCorr    .         Rampage  .   (no gloves)
Will     .....                  (no boots)
Stlth    +++.......             (no amulet)
HPRegen  0.25/turn              (no ring)
MPRegen  0.07/turn              (no ring)

@: healing quickly
A: alive, fangs 3, see invisible, vampiric 1
a: Exsanguinate


You were on level 4 of the Dungeon.
You visited 1 branch of the dungeon, and saw 3 of its levels.

Inventory:

Armour
 a - a +0 leather armour (worn)
Wands
 f - a wand of digging (3)
Scrolls
 b - a scroll of fog
 d - a scroll of fear
Potions
 e - a potion of haste
 g - a potion of mutation {unknown}


   Skills:
 - Level 2.6 Fighting
 + Level 0.1 Short Blades
 - Level 2.1 Dodging
 * Level 7.3 Stealth
 + Level 2.2 Unarmed Combat


You couldn't memorise any spells.
You didn't know any spells.
Your spell library was empty.

Dungeon Overview and Level Annotations

Branches:
Dungeon (6/15)
 Temple: D:4-7

Altars:
Uskayaw

Annotations:
D:6 Dowan, Duvessa


Innate Abilities, Weirdness & Mutations

Your natural rate of healing is accelerated.
You have razor-sharp teeth.
You have supernaturally acute eyesight. (SInv)
You are afflicted with vampirism.


Message History

The iguana barely misses you.
You hit the iguana but do no damage. The iguana bites you.
You hit the iguana.
The iguana is lightly wounded.
The iguana barely misses you.
You hit the iguana.
The iguana is moderately wounded.
The iguana bites you but does no damage.
You hit the iguana but do no damage.
The iguana is moderately wounded.
The iguana bites you.
You hit the iguana.
The iguana is moderately wounded.
The iguana bites you!
Ouch! That really hurt!
* * * LOW HITPOINT WARNING * * *
Unknown command.
You hit the iguana but do no damage.
The iguana is lightly wounded.
The iguana closely misses you.
You hit the iguana but do no damage.
The iguana is lightly wounded.
You hit the iguana.
The iguana is heavily wounded.
The iguana barely misses you.
You barely miss the iguana. Your bite misses the iguana.
The iguana is heavily wounded.
The iguana bites you. The iguana closely misses you.
You hit the iguana but do no damage.
The iguana is moderately wounded.
The iguana bites you!
Ouch! That really hurt!
The iguana bites you but does no damage.
The iguana hisses angrily.
You hit the iguana.
The iguana is severely wounded.
The iguana bites you!
Ouch! That really hurt!
You die...

...# .#
...###.#
#......#
#......#
#......#
#......#
#......#
#...l@.#
###.##.#
#.l#.#
##.#.#
#†.$#
##..#
#.>#
##.# #.#


You could see an iguana.

Vanquished Creatures
  A quokka (D:4)
1 creature vanquished.

Notes
Turn   | Place    | Note
-------+----------+-------------------------------------------
     0 | D:5      | comborobin the Vampire Delver began the quest for the Orb.
     0 | D:5      | Reached XP level 1. HP: 17/17 MP: 1/1
     1 | D:6      | Noticed Duvessa
     1 | D:6      | Noticed Dowan
    30 | D:4      | Noticed an iguana
    40 | D:5      | Found a hide-covered altar of Uskayaw.
    40 | D:5      | Noticed a +0 hand axe
   161 | D:4      | Slain by an iguana

Illustrated notes

Levels and vault maps discovered:
D:4:      layout_basic, uniq_eustachio
D:5:      layout_loops_ring, dancing_weapons_uskayaw,
          nicolae_ru_sacrificial_ziggurat, dk_noncrumbling_2, roderic_batcave
D:6:      layout_loops_cross, lemuel_crystal_altar,
          minmay_temple_entry_statues_pillars, minmay_manual_mail, uniq_duvessa,
          uniq_edmund, uniq_blork_the_orc

Action                   || total
-------------------------++-------
Melee: Unarmed           ||    13
  Use: Scroll            ||     1
 Stab: Sleeping          ||     1
Armor: Leather armour    ||     2
Dodge: Dodged            ||     6
